 Dungeon Crawl Stone Soup version 0.28.0 (webtiles) character file.

Game seed: 9510233354790916996

80453 sasquatch the Gelid (level 15, 0/124 HPs)
             Began as a Green Draconian Ice Elementalist on Feb 9, 2022.
             Was a High Priest of Vehumet.
             Slain by a ghost moth (5 damage)
             ... on level 1 of the Spider Nest.
             The game lasted 01:00:49 (26150 turns).

sasquatch the Gelid (DrIE)                         Turns: 26150, Time: 01:00:50

Health: 0/124      AC: 16    Str:  7 (10) XL:     15   Next: 23%
Magic:  0/47       EV: 14    Int: 29 (31) God:    Vehumet [*****.]
Gold:   1181       SH:  0    Dex:  9 (13) Spells: 11/34 levels left

rFire   + . .      SeeInvis +   s - +3 spear "Conservator" {flame, rF+ rN+ Int+3}
rCold   . . .      Faith    +   (no shield)
rNeg    + + +      Spirit   .   (armour unavailable)
rPois   +          Reflect  .   (helmet restricted)
rElec   +          Harm     .   A - +2 cloak
rCorr   .          Rampage  .   r - +2 pair of gloves {infuse}
Will    ++...                   z - +0 pair of boots of the Clam {rElec rN+ Will+}
Stlth   ++........              t - amulet "Fogapt" {Faith rN+ MP+9 SInv}
HPRegen 0.30/turn               m - +6 ring of intelligence
MPRegen 0.30/turn               D - ring of magical power

@: no status effects
A: breathe noxious fumes, AC +9, unfitting armour, stinger 1, poison resistance,
cold-blooded
a: Breathe Noxious Fumes, Renounce Religion


You were on level 1 of the Spider Nest.
You worshipped Vehumet.
Vehumet was extremely pleased with you.
You visited 5 branches of the dungeon, and saw 20 of its levels.
You also visited: Ossuary and Ice Cave.

You collected 2161 gold pieces.
You spent 980 gold pieces at shops.

Inventory:

Hand Weapons
 s - the +3 spear "Conservator" (weapon) {flame, rF+ rN+ Int+3}
   (You found it on level 3 of the Dungeon)

   It burns those it strikes, dealing additional fire damage.
   Int:       It affects your intelligence (+3).
   rF:        It protects you from fire.
   rN:        It protects you from negative energy.
 C - the +10 rapier of Zeiqics {holy, rC+}
   (You bought it in a shop on level 2 of the Orcish Mines)

   It has been blessed by the Shining One to cause great damage to the undead
   and demons.
   rC:        It protects you from cold.
Missiles
 f - 44 poisoned darts
Armour
 r - a +2 pair of gloves of infusion (worn)
 u - a +0 kite shield
 z - the +0 pair of boots of the Clam (worn) {rElec rN+ Will+}
   (You bought it in a shop on level 2 of the Orcish Mines)

   rElec:     It insulates you from electricity.
   rN:        It protects you from negative energy.
   Will:      It increases your willpower.
 A - a +2 cloak (worn)
 N - a scarf of harm
Magical Staves
 o - a staff of air
Jewellery
 m - a +6 ring of intelligence (left hand)
 q - an amulet of magic regeneration
 t - the amulet "Fogapt" (around neck) {Faith rN+ MP+9 SInv}
   (You took it off a centaur on level 9 of the Dungeon)

   [amulet of faith]

   It allows you to gain divine favour quickly.
   rN:        It protects you from negative energy.
   MP:        It affects your magic capacity (+9).
   SInv:      It lets you see invisible.
 D - a ring of magical power (right hand)
 H - a ring of fire
 M - a ring of willpower
 O - a ring of positive energy
Wands
 a - a wand of acid (22)
 n - a wand of flame (29)
 w - a wand of paralysis (7)
 B - a wand of mindburst (21)
 G - a wand of iceblast (9)
Scrolls
 c - 3 scrolls of brand weapon
 g - a scroll of enchant weapon
 i - 2 scrolls of magic mapping
 k - 4 scrolls of silence
 y - 2 scrolls of amnesia
 K - 2 scrolls of enchant armour
 L - a scroll of identify
Potions
 b - 3 potions of resistance
 d - 13 potions of curing
 e - 4 potions of flight
 h - 4 potions of lignification
 j - 3 potions of berserk rage
 l - 6 potions of mutation
 p - 2 potions of cancellation {unknown}
 x - 3 potions of invisibility
 E - 6 potions of brilliance
 F - 3 potions of haste
 I - 2 potions of ambrosia {unknown}
 J - 4 potions of heal wounds


   Skills:
 + Level 9.0 Fighting
 + Level 8.7 Dodging
 - Level 1.7 Stealth
 - Level 10.0 Spellcasting
 - Level 14.0 Conjurations
 - Level 18.0 Ice Magic


You had 11 spell levels left.
You knew the following spells:

 Your Spells              Type           Power      Damage    Failure   Level
a - Freeze                Ice            100%       1d11      0%          1
b - Frozen Ramparts       Ice            100%       1d12      0%          3
c - Ozocubu's Armour      Ice            87%        N/A       0%          3
d - Hailstorm             Conj/Ice       82%        3d17      1%          4
e - Freezing Cloud        Conj/Ice/Air   33%        6-21      1%          5
f - Ozocubu's Refrigerat  Ice            43%        4d13      1%          7

Your spell library contained the following spells:

 Spells                   Type           Power      Damage    Failure   Level
 Eringya's Noxious Bog    Tmut/Pois      7%         N/A       78%         6
 Fulminant Prism          Conj/Hex       26%        3d14      1%          4
 Iskenderun's Mystic Bla  Conj/Tloc      53%        2d11      1%          4
 Metabolic Englaciation   Hex/Ice        30%        N/A       2%          5
 Animate Skeleton         Necr           28%        N/A       3%          1
 Apportation              Tloc           28%        N/A       3%          1
 Pain                     Necr           56%        1d6       3%          1
 Summon Small Mammal      Summ           56%        N/A       3%          1
 Call Canine Familiar     Summ           14%        N/A       11%         3
 Confusing Touch          Hex            14%        N/A       11%         3
 Portal Projectile        Hex/Tloc       28%        N/A       11%         3
 Summon Guardian Golem    Hex/Summ       14%        N/A       11%         3
 Simulacrum               Ice/Necr       30%        N/A       14%         6
 Lee's Rapid Deconstruct  Erth           7%         3d7*      26%         5
 Yara's Violent Unravell  Hex/Tmut       7%         3d5       26%         5
 Leda's Liquefaction      Hex/Erth       7%         N/A       36%         4
 Summon Lightning Spire   Summ/Air       14%        N/A       36%         4
 Agony                    Necr           14%        N/A       71%         5
 Blade Hands              Tmut           7%         N/A       71%         5
 Excruciating Wounds      Necr           7%         N/A       71%         5
 Enfeeble                 Hex            7%         N/A       100%        7
 Storm Form               Tmut/Air       7%         N/A       100%        7
 Maxwell's Capacitive Co  Air            7%         ∞         100%        8


Dungeon Overview and Level Annotations

Branches:
Dungeon (10/15)            Temple (1/1) D:6            Lair (6/6) D:10
  Swamp (0/4) Lair:4       Spider (1/4) Lair:4        Slime (0/5) Lair:6
    Orc (2/2) D:9             Elf (0/3) Orc:2       Ossuary (visited)
  IceCv (visited)

Altars:
Ashenzari
Cheibriados
Dithmenos
Elyvilon
Hepliaklqana
Kikubaaqudgha
Ru
Sif Muna
Trog
Vehumet
Wu Jian
Xom
Zin
The Shining One
Beogh

Shops:
D:2 *   D:10 (   Orc:2 (([*!

Annotations:
D:9 Erolcha


Innate Abilities, Weirdness & Mutations

You can breathe blasts of noxious fumes.
Your lurid green scales are hard. (AC +9)
You cannot fit into any form of body armour.
Your tail ends in a venomous barb.
Your system is resistant to poisons. (rPois)
You are cold-blooded and may be slowed by cold attacks.


Message History

The bolt of acid misses the ghost moth.
The ghost moth misses you.
The ghost moth hits you but does no damage.
The ghost moth closely misses you.
Unknown command.
Aiming: Corrosive Bolt
Press: ? - help, Shift-Dir - straight line, f/p - ghost moth
Aim: a ghost moth (heavily wounded, slightly transparent, 71% to hit)
The bolt of acid hits the ghost moth!
The acid corrodes the ghost moth!
The ghost moth is heavily wounded.
The ghost moth stares at you.
You feel your power leaking away. The ghost moth hits you!
* * * LOW HITPOINT WARNING * * *
You feel clumsy. The ghost moth hits you!
* * * LOW HITPOINT WARNING * * *
You feel weakened. The ghost moth stings you.
* * * LOW HITPOINT WARNING * * *
You cannot drink potions in your current state!
Unknown command.
Aiming: Paralyse
Press: ? - help, Shift-Dir - straight line, f/p - ghost moth
Aim: a ghost moth (heavily wounded, slightly transparent, covered in acid, chance to affect: 1%)
Okay, then.
Aiming: Mindburst
Press: ? - help, Shift-Dir - straight line, f/p - ghost moth
Aim: a ghost moth (heavily wounded, slightly transparent, covered in acid, chance to affect: 6%)
Okay, then.
Aiming: Iceblast
Press: ? - help, Shift-Dir - straight line, p - ghost moth
Okay, then.
Unknown command.
Unknown command.
You can drink potions again.
The ghost moth barely misses you. The ghost moth hits you.
* * * LOW HITPOINT WARNING * * *
You feel clumsy. The ghost moth stings you.
You die...

##..........##^.....
#..###.......#......
##....###....##......
##.^.....##........... .
######...###..^............
. #..^....##
##.>.......^.... ..
#.##.#.^###########........
..
#.#....†..........#).......
..
#..#.#..#..#.#.@y...#...#.[
. #...########
####..########## #..##
##).# ##..# #...# ##†##
#...# #...# #..## #...#
#...##### #...# ##.#####
#.......##.
#...#....#....#..
#.#.†..†...
.....#.....#.......
#..##..#..# ##.#..
..$.##...#...


You could see a ghost moth (invisible, corroded).

Vanquished Creatures
  An emperor scorpion (Spider:1)
  A broodmother (Spider:1)
  An entropy weaver (Spider:1)
  A spark wasp (Spider:1)
  A fire dragon (Lair:6)
  A catoblepas (Lair:6)
  A boulder beetle (Spider:1)
  A jorogumo (Spider:1)
  12 hydras
  A two-headed ogre (Orc:1)
  5 orc high priests (Orc:2)
  5 death yaks
  A fire crab (Lair:6)
  A pharaoh ant (Spider:1)
  An orb spider (Spider:1)
  7 orc knights
  4 wolf spiders (Spider:1)
  An orc sorcerer (Orc:1)
  2 moths of wrath (Spider:1)
  19 elephants
  7 black mambas
  9 cane toads
  2 molten gargoyles (Lair:6)
  4 rime drakes
  A kobold demonologist (D:9)
  6 torpor snails
  20 komodo dragons
  2 ice devils (Lair:1)
  6 meliai (Spider:1)
  2 polar bears
  5 trolls
  Grinder (D:4)
  6 tarantellas (Spider:1)
  27 blink frogs
  A hornet (D:8)
  A tyrant leech (Lair:4)
  8 dream sheep
  6 jumping spiders (Spider:1)
  3 culicivoras (Spider:1)
  10 wyverns
  37 yaks
  4 basilisks
  2 steam dragons
  15 redbacks
  A swamp worm (Lair:4)
  4 hell hounds (Lair:6)
  13 water moccasins
  An ice beast (D:6)
  26 orc warriors
  5 sky beasts
  6 black bears
  2 necrophages
  An ogre (D:6)
  6 wolves (Lair:1)
  10 centaurs
  A phantom (D:5)
  3 kobold brigands
  Blork the orc (D:5)
  16 bullfrogs
  A gnoll sergeant (D:6)
  A scorpion (D:6)
  A water moccasin zombie (D:5)
  A killer bee (D:9)
  2 water moccasin skeletons
  9 wights
  2 howler monkeys
  An electric eel (Lair:1)
  3 centaur zombies
  6 lava snakes (Lair:6)
  A bullfrog zombie (D:6)
  A jelly (D:6)
  2 bullfrog skeletons
  32 orc priests
  5 hounds
  7 iguanas
  Jessica (D:2)
  A gnoll shaman (D:9)
  26 orc wizards
  A scorpion zombie (D:3)
  2 howler monkey zombies
  2 mummies (Ossuary)
  6 gnolls
  A howler monkey skeleton (D:5)
  9 adders
  3 shadow imps
  A white imp (IceCv)
  An adder zombie (D:3)
  An adder skeleton (D:3)
  3 worms
  A dart slug (D:3)
  83 orcs
  8 ball pythons
  7 endoplasms
  6 giant cockroaches
  3 gnoll zombies (Ossuary)
  4 goblins
  6 hobgoblins
  15 kobolds
  6 quokkas
  6 bats
  A frilled lizard (D:2)
  4 goblin zombies (Ossuary)
  4 hobgoblin zombies (Ossuary)
  2 orc zombies (Ossuary)
  3 rats
640 creatures vanquished.

Vanquished Creatures (others)
  An endoplasm (D:2)
  49 fungi
  87 plants
137 creatures vanquished.

Grand Total: 777 creatures vanquished

Notes
Turn   | Place    | Note
-------+----------+-------------------------------------------
     0 | D:1      | sasquatch the Draconian Ice Elementalist began the quest
                  | for the Orb.
     0 | D:1      | Reached XP level 1. HP: 14/14 MP: 3/3
   161 | D:1      | Found a faded altar of an unknown god.
   262 | D:1      | Reached XP level 2. HP: 20/20 MP: 3/5
  1375 | D:2      | Found Ublio's General Store.
  1443 | D:2      | Noticed Jessica
  1487 | D:2      | Reached XP level 3. HP: 26/26 MP: 0/6
  1545 | D:2      | Learned a level 3 spell: Frozen Ramparts
  1563 | D:2      | Killed Jessica
  1564 | D:2      | Reached skill level 5 in Ice Magic
  1714 | D:2      | Bought a scroll of teleportation for 39 gold pieces
  1805 | D:2      | Found a broken altar of Ashenzari.
  1849 | D:2      | Reached XP level 4. HP: 33/33 MP: 5/8
  2119 | D:2      | Learned a level 3 spell: Ozocubu's Armour
  3211 | D:3      | Reached XP level 5. HP: 38/38 MP: 6/9
  3753 | D:3      | Reached skill level 6 in Ice Magic
  3882 | D:3      | Identified the +3 spear "Conservator" {flame, rF+ rN+
                  | Int+3}
  4085 | D:4      | Noticed a necrophage
  4109 | D:4      | Killed a necrophage
  4110 | D:4      | Reached XP level 6. HP: 44/45 MP: 5/11
  4124 | D:4      | Found a sand-covered staircase.
  4157 | D:4      | Learned a level 4 spell: Hailstorm
  4158 | Ossuary  | Entered an ossuary
  4627 | D:4      | Noticed Grinder
  4629 | D:4      | Paralysed by Grinder for 4 turns
  4635 | D:5      | Entered Level 5 of the Dungeon
  4690 | D:5      | Reached skill level 1 in Conjurations
  4730 | D:5      | Reached skill level 7 in Ice Magic
  4888 | D:5      | Your scales start taking on a lurid green colour.
  4888 | D:5      | Reached XP level 7. HP: 50/50 MP: 6/13
  4888 | D:5      | Gained mutation: Your system is resistant to poisons.
                  | (rPois) [Green Draconian growth]
  5110 | D:5      | Noticed Blork the orc
  5117 | D:5      | Killed Blork the orc
  5194 | D:5      | Found a glowing golden altar of the Shining One.
  5221 | D:5      | Reached skill level 8 in Ice Magic
  5810 | D:5      | Reached XP level 8. HP: 57/57 MP: 9/14
  5972 | D:5      | Reached skill level 5 in Conjurations
  6133 | D:4      | Paralysed by Grinder for 7 turns
  6153 | D:4      | Killed Grinder
  7597 | D:6      | Reached skill level 5 in Spellcasting
  7597 | D:6      | Reached XP level 9. HP: 62/62 MP: 9/16
  7912 | D:6      | Found a staircase to the Ecumenical Temple.
  7922 | Temple   | Entered the Ecumenical Temple
  7950 | Temple   | Became a worshipper of Vehumet
  8250 | D:6      | Noticed a troll
  8259 | D:6      | Killed a troll
  8533 | D:7      | Reached skill level 9 in Ice Magic
  9458 | D:7      | Reached * piety under Vehumet
  9458 | D:7      | Offered knowledge of Shock by Vehumet.
  9530 | D:7      | Reached XP level 10. HP: 69/69 MP: 14/19
 10227 | D:8      | Reached skill level 10 in Conjurations
 10227 | D:8      | Reached skill level 10 in Ice Magic
 11347 | D:9      | Reached ** piety under Vehumet
 11347 | D:9      | Offered knowledge of Poisonous Vapours by Vehumet.
 11373 | D:9      | Identified the amulet "Fogapt" {Faith rN+ MP+9 SInv}
 11655 | D:9      | Reached skill level 11 in Ice Magic
 11728 | D:9      | Found a staircase to the Orcish Mines.
 11820 | D:9      | Offered knowledge of Mephitic Cloud by Vehumet.
 11962 | D:9      | Reached XP level 11. HP: 43/74 MP: 15/20
 12190 | D:9      | Noticed Erolcha
 12439 | D:10     | Entered Level 10 of the Dungeon
 12575 | D:10     | Reached *** piety under Vehumet
 12952 | D:10     | Offered knowledge of Olgreb's Toxic Radiance by Vehumet.
 12997 | D:10     | Reached skill level 12 in Ice Magic
 13176 | D:10     | Reached skill level 1 in Fighting
 13428 | D:10     | Identified the +6 chain mail "Giuv" {rN++}
 13492 | D:10     | Found Imovof's Antique Weapon Emporium.
 13506 | D:10     | Found a staircase to the Lair.
 13513 | Lair:1   | Entered Level 1 of the Lair of Beasts
 13513 | Lair:1   | Noticed a six-headed hydra
 13606 | Lair:1   | Found a frozen archway.
 13986 | IceCv    | Entered an ice cave
 14061 | Lair:1   | Killed a six-headed hydra
 14062 | Lair:1   | Reached skill level 5 in Fighting
 14063 | Lair:1   | Reached **** piety under Vehumet
 14224 | Lair:1   | Offered knowledge of Freezing Cloud by Vehumet.
 14583 | Lair:1   | Noticed an eight-headed hydra
 14587 | Lair:1   | Killed an eight-headed hydra
 14737 | Lair:1   | Reached skill level 5 in Dodging
 15328 | Lair:2   | Reached XP level 12. HP: 96/96 MP: 16/21
 15586 | Lair:2   | Learned a level 5 spell: Freezing Cloud
 16491 | Lair:3   | Noticed a seven-headed hydra
 16492 | Lair:3   | Noticed a seven-headed hydra
 16516 | Lair:3   | Killed a seven-headed hydra
 16518 | Lair:3   | Killed a seven-headed hydra
 16642 | Lair:3   | Reached skill level 13 in Ice Magic
 17041 | Lair:3   | Noticed a seven-headed hydra
 17049 | Lair:3   | Killed a seven-headed hydra
 17049 | Lair:3   | Reached ***** piety under Vehumet
 17421 | Lair:4   | Reached skill level 14 in Ice Magic
 17422 | Lair:4   | Offered knowledge of Ozocubu's Refrigeration by Vehumet.
 17513 | Lair:4   | Found a hole to the Spider Nest.
 17634 | Lair:4   | Reached XP level 13. HP: 102/102 MP: 11/23
 17678 | Lair:4   | Found a staircase to the Swamp.
 17857 | Lair:4   | Learned a level 7 spell: Ozocubu's Refrigeration
 19846 | Lair:6   | Entered Level 6 of the Lair of Beasts
 20038 | Lair:6   | Found a staircase to the Slime Pits.
 20098 | Lair:6   | Reached skill level 15 in Ice Magic
 20211 | Lair:6   | HP: 4/107 [elephant (8)]
 20652 | Lair:5   | Offered knowledge of Iskenderun's Battlesphere by Vehumet.
 20659 | Lair:5   | Gained mutation: Your tail ends in a venomous barb. [Green
                  | Draconian growth]
 20659 | Lair:5   | Reached XP level 14. HP: 77/115 MP: 4/26
 21123 | Lair:6   | Reached skill level 16 in Ice Magic
 21219 | Lair:6   | Found a large runed translucent door.
 21220 | Lair:6   | Found a large runed translucent door.
 22266 | Lair:6   | Identified the ring "Leyrphec" {Fly rF- Str+10}
 22448 | D:10     | Reached skill level 17 in Ice Magic
 22548 | Orc:1    | Entered Level 1 of the Orcish Mines
 22739 | Orc:1    | You fall into a shaft and drop 1 floor!
 22739 | Orc:2    | Entered Level 2 of the Orcish Mines
 22739 | Orc:2    | Found a staircase to the Elven Halls.
 23387 | Orc:2    | Found Zariergh's Antique Weapon Shoppe.
 24088 | Orc:2    | Reached skill level 18 in Ice Magic
 24458 | Orc:2    | Found Giusch's Distillery.
 24458 | Orc:2    | Found Tiuhelle's Antique Weapon Shoppe.
 24459 | Orc:2    | Found Doumezej's General Store.
 24459 | Orc:2    | Found Ubupryen's Armour Shoppe.
 24478 | Orc:2    | Bought 2 potions of curing for 72 gold pieces
 24478 | Orc:2    | Bought 2 potions of heal wounds for 120 gold pieces
 24479 | Orc:2    | Bought a potion of brilliance for 56 gold pieces
 24481 | Orc:2    | Bought the +0 pair of boots of the Clam {rElec rN+ Will+}
                  | for 396 gold pieces
 24733 | Orc:2    | Bought a smouldering rapier for 297 gold pieces
 24733 | Orc:2    | Identified the +10 rapier of Zeiqics {holy, rC+} (You
                  | bought it in a shop on level 2 of the Orcish Mines)
 24941 | Spider:1 | Entered Level 1 of the Spider Nest
 24941 | Spider:1 | Noticed an emperor scorpion
 24945 | Spider:1 | Killed an emperor scorpion
 25127 | Spider:1 | Noticed a broodmother
 25141 | Spider:1 | Killed a broodmother
 25142 | Spider:1 | Reached XP level 15. HP: 28/121 MP: 6/28
 25532 | Spider:1 | Reached skill level 10 in Spellcasting
 26031 | Spider:1 | Offered knowledge of Eringya's Noxious Bog by Vehumet.
 26148 | Spider:1 | HP: 5/124 [ghost moth (3)]
 26150 | Spider:1 | Slain by a ghost moth

Illustrated notes

Levels and vault maps discovered:
D:1:      ncdulo_wetmaze, layout_basic, ebering_ecumenical_altar_mist
D:2:      layout_basic, basic_altar, serial_shops, nicolae_shop_statue_plus,
          lemuel_flame_loot_1, uniq_jessica
D:3:      layout_loops_cross, serial_undead, serial_undead_d, serial_undead_c,
          serial_undead_b, serial_undead_e, serial_undead_e,
          minmay_misc_feat_enclosed, minmay_puff
D:4:      layout_gridville, enter_ossuary_1, uniq_grinder
D:5:      layout_basic, general_overflow_altar, uniq_blork_the_orc
D:6:      layout_basic, minmay_temple_entry_fiery, minmay_divided_ellipse
D:7:      layout_basic, chequers_serial_rivers_room_b,
          minmay_misc_feat_diagonals
D:8:      layout_basic
D:9:      minmay_octagon_keep, layout_small_grid, minmay_orc_entry_temple_small,
          uniq_erolcha
D:10:     layout_roguey [special_room_orc], lair_entry_dummy, serial_shops,
          nicolae_shop_crystal
Temple:   nicolae_temple_the_god_donut
Lair:1:   layout_roguey, portal_ice_cave_demonic_guard, gammafunk_lair_bear_cave
Lair:2:   layout_long_grid
Lair:3:   layout_regular_city, nicolae_quartered_pool_impasse,
          beast_lair_carwin_10, grunt_megastairs_1
Lair:4:   layout_roguey, minmay_swamp_entry_worms, spider_nest_entry_webs,
          grunt_megastairs_2
Lair:5:   layout_cave_shapes, beast_lair_carwin_3
Lair:6:   cheibrodos_lair_end_hotspot, layout_gridlike, slime_dummy
Spider:1: nicolae_spider_hilbert_zone_2 [nicolae_spider_hilbert_4_sides_1_open,
          nicolae_spider_hilbert_4_sides_1_open,
          nicolae_spider_hilbert_4_sides_1_open,
          nicolae_spider_hilbert_4_sides_1_open,
          nicolae_spider_hilbert_6_sides_1_open,
          nicolae_spider_hilbert_6_sides_1_open,
          nicolae_spider_hilbert_3_sides_1_open,
          nicolae_spider_hilbert_3_sides_1_open,
          nicolae_spider_hilbert_3_sides_1_open,
          nicolae_spider_hilbert_3_sides_1_open,
          nicolae_spider_hilbert_6_sides_1_open,
          nicolae_spider_hilbert_6_sides_1_open,
          nicolae_spider_hilbert_6_sides_1_open,
          nicolae_spider_hilbert_6_sides_1_open], special_room
          [special_room_bee], nicolae_spider_circle_web, drop_trap
Orc:1:    layout_caves, uniq_sonja
Orc:2:    st_orc_pillars, layout_diamond_mine, serial_shops, shop

Skill      XL: |  1  2  3  4  5  6  7  8  9 10 11 12 13 14 15 |
---------------+----------------------------------------------+-----
Ice Magic      | 5 6 7 8 9 11 12 14 15 18 | 18.0
Spellcasting   | 3 4 5 6 8 9 10 | 10.0
Conjurations   | 1 4 8 9 11 12 14 | 14.0
Fighting       | 6 8 9 |  9.0
Dodging        | 6 8 |  8.7
Stealth        | |  1.7

Action                   |  1- 3 |  4- 6 |  7- 9 | 10-12 | 13-15 || total
-------------------------+-------+-------+-------+-------+-------++-------
Melee: Dagger            |     6 |    52 |       |       |       ||    58
       Tailslap          |     2 |    13 |    13 |    16 |     4 ||    48
       Punch             |       |     1 |     2 |     3 |       ||     6
       Spear             |       |    52 |   143 |   153 |    29 ||   377
Throw: Dart              |       |       |     2 |       |       ||     2
 Cast: Freeze            |    44 |    40 |    15 |    67 |    34 ||   200
       Frozen Ramparts   |       |    35 |    51 |    86 |    26 ||   198
       Ozocubu's Armour  |       |     2 |    13 |    20 |     6 ||    41
       Hailstorm         |       |       |    22 |   123 |    11 ||   156
       Ozocubu's Refrige |       |       |       |       |   314 ||   314
Evoke: Wand              |       |       |       |       |     2 ||     2
  Use: Scroll            |       |     6 |       |    12 |    10 ||    28
       Potion            |       |       |       |     4 |       ||     4
 Stab: Sleeping          |     1 |     2 |     2 |       |       ||     5
Armor: Skin              |    19 |    47 |    56 |   140 |    61 ||   323
Dodge: Dodged            |    22 |    60 |    63 |   164 |    85 ||   394
